[Event "FIDE WCCC Girls-10 2024"]
[Site "Montesilvano"]
[Date "2024.11.20"]
[Round "6.41"]
[White "Billod-Laillet, Camille"]
[Black "Damaso Tacoronte, Carolina"]
[Result "1-0"]
[Annotator "NA RC"]
[ECO "C01"]
[WhiteElo "1732"]
[BlackElo "1875"]
[PlyCount "195"]
[EventDate "2024.11.18"]
[EventType "swiss"]
[EventCountry "ITA"]
[SourceTitle "playchess.com"]
[Source "ChessBase"]
[SourceQuality "1"]
[TimeControl "5400+30"]

1. e4 e6 2. d4 d5 3. exd5 exd5 4. Bd3 Bd6 5. h3 Ne7 6. Nf3 {[%emt 0:01:37] C01: French: Exchange Variation.} Bf5 7. Bxf5 Nxf5 8. O-O O-O 9. Qd3 Nh4 10. Ng5 Ng6 11. Qf5 Qd7 12. Qxd7 Nxd7 13. Nc3 c6 14. Bd2 Nb6 15. b3 Nh4 16. g3 Nf5 17. Nf3 c5 18. Nb5 cxd4 19. g4 a6 20. Nxd6 Nxd6 21. Nxd4 a5 22. Rfe1 Ne4 23. Bf4 Rfc8 24. f3 Nc5 25. Nf5 Na6 26. Ne7+ Kf8 27. Nxc8 Rxc8 28. Bd6+ Kg8 29. Re2 h6 30. a3 Kh7 31. Rc1 Rd8 32. Bf4 g5 33. Bg3 Kg7 34. Be1 Nc5 35. Bxa5 Ncd7 36. Rce1 Ra8 37. Bc3+ Kg6 38. a4 Rc8 39. Ba5 Na8 40. Rd1 Nf6 41. Bb4 Nb6 42. Be7 Nbd7 43. Bxf6 Nxf6 44. Rdd2 b6 45. Rd4 Rb8 46. Rb4 Rb7 47. a5 b5 48. Rd2 Kg7 49. Kf2 Kg6 50. Kg3 Kg7 51. Rd1 Kg6 52. Ra1 Rc7 53. Ra2 Rc3 54. a6 Ne4+ 55. Rxe4 dxe4 56. a7 Rc8 57. a8=Q Rxa8 58. Rxa8 e3 59. Re8 f5 60. gxf5+ Kxf5 61. Rxe3 Kg6 62. f4 gxf4+ 63. Kxf4 Kf6 64. Re5 b4 65. Rb5 Ke6 66. Rxb4 Kd5 67. Rb6 h5 68. Rh6 h4 69. Rxh4 Kc5 70. b4+ Kb5 71. c4+ Kxc4 72. Kg5+ Kb5 73. Rh8 Kxb4 74. Rb8+ Kc5 75. h4 Kd6 76. h5 Kc7 77. h6 Kxb8 78. h7 Kc7 79. h8=Q Kd6 80. Qh4 Kd5 81. Qg4 Kd6 82. Kh4 Ke7 83. Kg3 Ke8 84. Qg5 Kd7 85. Kf4 Kc6 86. Ke4 Kb6 87. Kd4 Kc6 88. Qh5 Kb6 89. Kc4 Ka6 90. Kb4 Kb6 91. Qh6+ Kc7 92. Kc5 Kd7 93. Qg6 Ke7 94. Kd5 Kd7 95. Qh7+ Kc8 96. Kd6 Kb8 97. Kc6 Ka8 98. Qb7# 1-0

[Event "FIDE WCCC Girls-10 2024"]
[Site "Montesilvano"]
[Date "2024.11.20"]
[Round "6.42"]
[White "Ivanova, Darina"]
[Black "Giss, Annika"]
[Result "1/2-1/2"]
[Annotator "NA RC"]
[ECO "B35"]
[WhiteElo "1516"]
[BlackElo "1586"]
[PlyCount "61"]
[EventDate "2024.11.18"]
[EventType "swiss"]
[EventCountry "ITA"]
[SourceTitle "playchess.com"]
[Source "ChessBase"]
[SourceQuality "1"]
[TimeControl "5400+30"]

1. e4 c5 2. Nf3 Nc6 3. d4 cxd4 4. Nxd4 g6 5. Nc3 Bg7 6. Be3 Nf6 7. Bc4 O-O 8. f3 Qb6 9. Bb3 Nxe4 10. Nce2 Qa5+ 11. c3 Nd6 12. Qd2 Ne5 13. Bh6 Nec4 14. Qg5 Qxg5 15. Bxg5 Re8 16. Nb5 Nxb5 17. Bxc4 Nd6 18. Bb3 b6 19. O-O-O Ba6 20. Nf4 Rac8 21. Bxe7 Rxe7 22. Rxd6 Be5 23. Nxg6 Bxd6 24. Nxe7+ Bxe7 25. Rd1 Rc7 26. Rd5 Bb7 27. Rf5 d5 28. Bxd5 Bxd5 29. Rxd5 a6 30. Re5 b5 31. Kd2 1/2-1/2

[Event "FIDE WCCC Girls-10 2024"]
[Site "Montesilvano"]
[Date "2024.11.22"]
[Round "7.1"]
[White "Berikkyzy Alanna"]
[Black "Yunker, Alisa Genrietta"]
[Result "1-0"]
[Annotator "NA RC"]
[ECO "C10"]
[WhiteElo "2043"]
[BlackElo "1872"]
[PlyCount "143"]
[EventDate "2024.11.18"]
[EventType "swiss"]
[EventCountry "ITA"]
[SourceTitle "playchess.com"]
[Source "ChessBase"]
[SourceQuality "1"]
[TimeControl "5400+30"]

1. e4 e6 2. d4 d5 3. Nc3 dxe4 4. Nxe4 Nd7 5. Bd3 Ngf6 6. Qe2 Nxe4 7. Bxe4 Nf6 8. Bxb7 Bxb7 9. Qb5+ Qd7 10. Qxb7 Rd8 11. Nf3 c5 12. Qxd7+ Rxd7 13. dxc5 Bxc5 14. O-O Ng4 {[%emt 0:07:50] [#]} 15. Bf4 $1 Nxf2 16. Rxf2 f6 $18 17. Re1 Bxf2+ 18. Kxf2 Kf7 19. c4 Rc8 20. Rc1 Re7 21. b4 e5 22. Be3 f5 23. g3 h6 24. h4 Kf6 25. b5 Rd7 26. a4 e4 27. Nd4 g5 28. Nc6 a6 29. Na7 Rg8 30. hxg5+ hxg5 31. b6 Ke5 32. Nc6+ Kd6 33. Na5 Ke5 34. b7 f4 35. gxf4+ gxf4 36. b8=Q+ Rxb8 37. Nc6+ Kf5 38. Nxb8 Rb7 39. Nc6 Rb2+ 40. Ke1 fxe3 41. Rc2 Rb1+ 42. Ke2 Kf4 43. Ne7 Rh1 44. Nd5+ Ke5 45. Nxe3 Kd4 46. Nf5+ Ke5 47. Ng3 Rh3 48. Nf1 Kd6 49. c5+ Kc6 50. Nd2 Rh2+ 51. Ke3 Rh3+ 52. Kxe4 Rh4+ 53. Ke5 Rh5+ 54. Kd4 Rd5+ 55. Kc4 Rh5 56. Nb3 Rh1 57. Nd4+ Kc7 58. Re2 Rh7 59. Re6 a5 60. Ra6 Kb7 61. Rxa5 Rh1 62. Rb5+ Ka6 63. c6 Ka7 64. Kd5 Rh5+ 65. Kd6 Rh4 66. Ne6 Rh8 67. c7 Rc8 68. Kd7 Rg8 69. c8=N+ Rxc8 70. Kxc8 Ka6 71. Nc7+ Ka7 72. Rb7# 1-0

[Event "FIDE WCCC Girls-10 2024"]
[Site "Montesilvano"]
[Date "2024.11.22"]
[Round "7.2"]
[White "Tselmuun, Ider"]
[Black "Ahmadli, Mehriban"]
[Result "1-0"]
[Annotator "NA RC"]
[ECO "E63"]
[WhiteElo "1846"]
[BlackElo "1624"]
[PlyCount "141"]
[EventDate "2024.11.18"]
[EventType "swiss"]
[EventCountry "ITA"]
[SourceTitle "playchess.com"]
[Source "ChessBase"]
[SourceQuality "1"]
[TimeControl "5400+30"]

1. Nf3 Nf6 2. g3 g6 3. Bg2 Bg7 4. c4 O-O 5. O-O d6 6. d4 Nc6 7. Nc3 a6 8. b3 Rb8 9. Bb2 b5 10. cxb5 axb5 11. Rc1 Bd7 12. e3 e6 13. Nd2 Ne7 $11 14. Qc2 h5 15. Nce4 Nfd5 16. Nc3 Nb4 17. Qb1 Nbc6 18. Nf3 Bh6 19. Rcd1 Qc8 20. h4 Qa6 21. Ne4 Nd5 22. a3 Bg7 23. Rfe1 Rfd8 24. Bf1 Qb7 25. Nfg5 Ra8 26. Qd3 Nce7 27. Rc1 Rac8 28. Bg2 Qb6 29. Nd2 Rf8 30. e4 Nf6 31. e5 dxe5 32. dxe5 Ng4 33. Nde4 Nd5 34. Bd4 Qb8 35. Nc5 Nb6 36. Nxd7 Nxd7 37. f4 c5 38. Be3 Rfd8 39. Qe2 Bh8 40. Bh3 Nxe3 41. Qxe3 Qb6 42. Ne4 c4 43. Nd6 Rc6 44. bxc4 Rxd6 45. c5 Nxc5 46. exd6 Qxd6 47. Kh1 Bd4 48. Qf3 Qa6 49. Red1 Qb6 50. Bg2 Rd5 51. g4 hxg4 52. Qxg4 Rd6 53. h5 Kh7 54. hxg6+ fxg6 55. f5 e5 56. Qh4+ Kg8 57. fxg6 Rxg6 58. Bd5+ Kg7 59. Qe7+ Kh6 60. Rc2 Bg1 61. Qh4+ Kg7 62. Rxg1 Rxg1+ 63. Kxg1 Nd3+ 64. Kf1 Nf4 65. Qe7+ Kh6 66. Rc6+ Qxc6 67. Bxc6 Ng6 68. Qf6 b4 69. Be4 Kh7 70. Qxg6+ Kh8 71. Qh7# 1-0

[Event "FIDE WCCC Girls-10 2024"]
[Site "Montesilvano"]
[Date "2024.11.22"]
[Round "7.3"]
[White "Sholpanbek, Zhansaya"]
[Black "Nguyen Doan, Bao Anh Angelina"]
[Result "0-1"]
[Annotator "NA RC"]
[ECO "C54"]
[WhiteElo "1657"]
[BlackElo "1628"]
[PlyCount "114"]
[EventDate "2024.11.18"]
[EventType "swiss"]
[EventCountry "ITA"]
[SourceTitle "playchess.com"]
[Source "ChessBase"]
[SourceQuality "1"]
[TimeControl "5400+30"]

1. e4 e5 2. Nf3 Nc6 3. Bc4 Bc5 4. d3 Nf6 5. O-O d6 6. c3 a6 7. a4 Ba7 8. Nbd2 Qe7 9. b4 Nd8 10. Re1 Bg4 11. Nf1 h5 12. h3 Be6 13. Bxe6 Nxe6 14. Ng3 g6 15. d4 O-O-O 16. a5 h4 17. Nf1 Nh5 18. b5 axb5 19. a6 b6 20. Qb3 c6 21. Qb4 Nhf4 22. Bxf4 Nxf4 23. Rad1 Qc7 24. c4 bxc4 25. Qxc4 b5 26. Qb3 exd4 27. Nxd4 Bxd4 28. Qf3 Ne6 29. Rc1 Bc5 30. e5 d5 31. Qg4 Kb8 32. Nd2 Qb6 33. Qf3 Rd7 34. Nb3 Ka7 35. Qf6 Bb4 36. Qxh8 Bxe1 37. Rxe1 g5 38. Qf6 c5 39. Nd2 c4 40. Nf3 d4 41. Nxg5 Nxg5 42. Qxg5 d3 43. Qf5 Qe6 44. Qe4 d2 45. Rd1 Qd5 46. Qe3+ Qd4 47. Qg5 c3 48. Qf5 Qd3 49. Qf4 c2 50. e6 cxd1=Q+ 51. Kh2 fxe6 52. Qg5 Qd6+ 53. f4 Qe2 54. Qf6 Qe3 55. Qa1 Qdxf4+ 56. Kh1 d1=R+ 57. Qxd1 Rxd1# 0-1

[Event "FIDE WCCC Girls-10 2024"]
[Site "Montesilvano"]
[Date "2024.11.22"]
[Round "7.4"]
[White "Pooja Shree R"]
[Black "Zhumambayeva Aliya"]
[Result "1-0"]
[Annotator "NA RC"]
[ECO "B10"]
[WhiteElo "1615"]
[BlackElo "1607"]
[PlyCount "107"]
[EventDate "2024.11.18"]
[EventType "swiss"]
[EventCountry "ITA"]
[SourceTitle "playchess.com"]
[Source "ChessBase"]
[SourceQuality "1"]
[TimeControl "5400+30"]

1. e4 c6 2. Nf3 d5 3. exd5 cxd5 4. Ne5 e6 5. d4 Bd6 6. Nd2 Bxe5 7. dxe5 Ne7 8. Nf3 Nbc6 9. Bd3 Ng6 10. Qe2 Qc7 11. Bxg6 hxg6 12. O-O Bd7 13. b3 Rh5 14. g4 Rh8 15. Ba3 Qb6 16. Rfd1 O-O-O 17. Bd6 Na5 18. c4 Qa6 19. Rac1 Bc6 20. Nd4 Rh3 21. cxd5 Qxe2 22. Nxe2 exd5 23. Rxd5 Rdh8 24. e6 Nxb3 25. axb3 fxe6 26. Ra5 Rxb3 27. Rxa7 Kd7 28. Be5 Rg8 29. Nd4 Rb6 30. Rxc6 Rxc6 31. Rxb7+ Kc8 32. Rb8+ Kd7 33. Nxc6 Rxb8 34. Nxb8+ Ke7 35. Bxg7 Kf7 36. Be5 g5 37. f4 Kg6 38. Nd7 gxf4 39. Bxf4 e5 40. Nxe5+ Kf6 41. g5+ Kg7 42. g6 Kg8 43. Bh6 Kh8 44. g7+ Kg8 45. Nc6 Kf7 46. Ne7 Ke6 47. g8=Q+ Ke5 48. Qg5+ Kd6 49. Nc8+ Kd7 50. Qf5+ Kc7 51. Bf4+ Kd8 52. Qd5+ Ke8 53. Qe6+ Kd8 54. Qe7+ 1-0

[Event "FIDE WCCC Girls-10 2024"]
[Site "Montesilvano"]
[Date "2024.11.22"]
[Round "7.5"]
[White "Filippova, Milana"]
[Black "Yang, Aimee"]
[Result "1/2-1/2"]
[Annotator "NA RC"]
[ECO "B13"]
[WhiteElo "1687"]
[BlackElo "1864"]
[PlyCount "110"]
[EventDate "2024.11.18"]
[EventType "swiss"]
[EventCountry "ITA"]
[SourceTitle "playchess.com"]
[Source "ChessBase"]
[SourceQuality "1"]
[TimeControl "5400+30"]

1. e4 c6 2. d4 d5 3. exd5 cxd5 4. c4 Nf6 5. Nc3 Nc6 6. Nf3 Bg4 7. cxd5 Nxd5 8. Qb3 Bxf3 9. gxf3 Nb6 10. Be3 e6 11. O-O-O Qc7 {[%emt 0:03:05] B13: Caro-Kann: Exchange Variation and Panov-Botvinnik Attack.} 12. Kb1 g6 13. d5 Nxd5 14. Nxd5 exd5 15. Qc3 Rg8 16. Re1 O-O-O 17. Bh3+ f5 18. Qb3 Be7 19. Rc1 Kb8 $15 20. Rhd1 Qd7 21. f4 Bf6 22. Bg2 Ne7 23. Rc5 Qe6 24. Ra5 a6 25. Bc5 Rc8 26. Bxe7 Qxe7 27. Rxa6 Bh4 28. Bxd5 Rgd8 29. Re6 Qd7 30. f3 Rc5 31. Rd6 Qc7 32. Rxd8+ Bxd8 33. Bxb7 Ka7 34. Qa4+ Kxb7 35. a3 Kb8 36. Rxd8+ Qxd8 37. Qb4+ Ka8 38. Qxc5 Qd3+ 39. Ka2 Qxf3 40. Qe5 Qg2 41. Qh8+ Ka7 42. Qxh7+ Kb6 43. Qf7 Ka6 44. a4 Qe4 45. Qb3 Qxf4 46. Qb5+ Ka7 47. h3 Qe4 48. a5 f4 49. Qb6+ Ka8 50. a6 Qa4+ 51. Kb1 Qd1+ 52. Ka2 Qa4+ 53. Kb1 Qd1+ 54. Ka2 Qa4+ 55. Kb1 Qd1+ 1/2-1/2

[Event "FIDE WCCC Girls-10 2024"]
[Site "Montesilvano"]
[Date "2024.11.22"]
[Round "7.6"]
[White "Tran Hoang Bao An"]
[Black "Cetin, Beren"]
[Result "0-1"]
[Annotator "NA RC"]
[ECO "E11"]
[WhiteElo "1714"]
[BlackElo "1658"]
[PlyCount "150"]
[EventDate "2024.11.18"]
[EventType "swiss"]
[EventCountry "ITA"]
[SourceTitle "playchess.com"]
[Source "ChessBase"]
[SourceQuality "1"]
[TimeControl "5400+30"]

1. d4 Nf6 2. c4 e6 3. g3 Bb4+ 4. Bd2 Bxd2+ 5. Nxd2 d6 6. Ngf3 a5 7. Bg2 Nbd7 8. O-O O-O 9. Qc2 Qe7 10. Nb1 e5 11. Nc3 c5 12. d5 h6 13. Nd2 Ne8 14. f4 f5 15. e4 fxe4 16. Ndxe4 Ndf6 17. Rae1 Nxe4 18. Nxe4 exf4 19. Nxc5 Qd8 20. Ne6 Bxe6 21. dxe6 Qb6+ 22. Qf2 Qxf2+ 23. Rxf2 fxg3 24. Rxf8+ Kxf8 25. hxg3 Ke7 26. Re2 Rb8 27. Kf2 Nc7 28. Bd5 b5 29. b3 Rf8+ 30. Ke3 Rf5 31. Kd4 b4 32. a3 Rg5 33. axb4 axb4 34. Re3 Rg4+ 35. Kd3 Rg5 36. Kd4 Rg4+ 37. Kd3 Na6 38. Rf3 Nc5+ 39. Ke3 Nxe6 40. Bxe6 Kxe6 41. Kf2 Rg5 42. Rd3 Rf5+ 43. Ke2 g5 44. Rd4 h5 45. Rd1 Ra5 46. Rd3 g4 47. Ke3 Ke5 48. Rd4 Ke6 49. Kf2 Rf5+ 50. Kg2 Rf3 51. Re4+ Kf6 52. Rd4 Ke6 53. Rd5 Rxb3 54. Rxh5 Rb2+ 55. Kf1 Rc2 56. Rh6+ Kd7 57. Rh7+ Kc6 58. Rg7 b3 59. Rg8 b2 60. Rb8 Rc1+ 61. Kf2 b1=Q 62. Rxb1 Rxb1 63. Ke3 Rb3+ 64. Kf4 Kc5 65. Kxg4 Kxc4 66. Kf4 d5 67. g4 d4 68. g5 d3 69. g6 d2 70. g7 Rb8 71. g8=Q+ Rxg8 72. Ke3 d1=Q 73. Kf4 Rf8+ 74. Kg3 Qg1+ 75. Kh3 Rh8# 0-1

[Event "FIDE WCCC Girls-10 2024"]
[Site "Montesilvano"]
[Date "2024.11.22"]
[Round "7.7"]
[White "Meng, Miranda"]
[Black "Nandinjiguur, Chinzorig"]
[Result "0-1"]
[Annotator "NA RC"]
[ECO "D02"]
[WhiteElo "1675"]
[BlackElo "1807"]
[PlyCount "150"]
[EventDate "2024.11.18"]
[EventType "swiss"]
[EventCountry "ITA"]
[SourceTitle "playchess.com"]
[Source "ChessBase"]
[SourceQuality "1"]
[TimeControl "5400+30"]

1. d4 d5 2. Bf4 Nf6 3. e3 e6 4. Nf3 Bd6 5. Bg3 O-O 6. Bd3 c5 7. c3 Qc7 8. Nbd2 Nbd7 9. Rc1 e5 10. dxe5 Nxe5 11. Nxe5 Bxe5 12. Nf3 Bd6 13. Bxd6 Qxd6 14. c4 dxc4 15. Bxh7+ Nxh7 16. Qxd6 Be6 17. Qxc5 b6 18. Qh5 Rac8 19. Nd4 Rc5 20. Qe2 Bd5 21. O-O Re8 22. Qc2 Ng5 23. Rfe1 Re4 24. f3 Re7 25. e4 Bb7 26. Nf5 Rec7 27. Rcd1 Ne6 28. Qf2 g6 29. Nh6+ Kg7 30. Ng4 Rh5 31. g3 Bc6 32. b3 c3 33. Rc1 Bb7 34. f4 Rcc5 35. b4 Rc4 36. f5 Ng5 37. Kf1 Nxe4 38. Qe2 Nd2+ 39. Qxd2 cxd2 40. f6+ Kh7 41. Rxc4 Ba6 42. Rd1 Bxc4+ 43. Kf2 Be6 44. Ne3 Rxh2+ 45. Kf3 Bxa2 46. Nf1 Rh1 47. Kg2 Bd5+ 48. Kf2 Bc4 49. Ne3 Rxd1 50. Nxd1 Bb3 51. Ke2 Bxd1+ 52. Kxd1 g5 53. b5 Kg6 54. Kxd2 Kxf6 55. Kd3 Ke5 56. Kc4 f5 57. Kd3 f4 58. gxf4+ gxf4 59. Ke2 Kd4 60. Kf3 Kc5 61. Kxf4 Kxb5 62. Ke4 Kc4 63. Ke3 Kc3 64. Ke2 Kc2 65. Ke3 b5 66. Kd4 b4 67. Kc4 b3 68. Kb5 b2 69. Ka6 b1=Q 70. Kxa7 Qb5 71. Ka8 Kc3 72. Ka7 Kc4 73. Ka8 Kc5 74. Ka7 Kc6 75. Ka8 Qb7# 0-1

[Event "FIDE WCCC Girls-10 2024"]
[Site "Montesilvano"]
[Date "2024.11.22"]
[Round "7.8"]
[White "Peng, Jingyi(Gd)"]
[Black "Khusnitdinova, Husnorakhon"]
[Result "1/2-1/2"]
[Annotator "NA RC"]
[ECO "E09"]
[WhiteElo "1720"]
[BlackElo "1626"]
[PlyCount "100"]
[EventDate "2024.11.18"]
[EventType "swiss"]
[EventCountry "ITA"]
[SourceTitle "playchess.com"]
[Source "ChessBase"]
[SourceQuality "1"]
[TimeControl "5400+30"]

1. Nf3 d5 2. c4 e6 3. g3 Nf6 4. Bg2 Be7 5. O-O O-O 6. b3 c6 7. Bb2 Nbd7 8. d4 b6 9. Nbd2 Bb7 10. Qc2 Rc8 11. e4 dxe4 12. Nxe4 Nxe4 13. Qxe4 Nf6 14. Qe2 Re8 15. Rad1 Qc7 16. Ne5 c5 17. d5 exd5 18. cxd5 Bd6 19. f4 Rcd8 20. Qc4 Nd7 21. Nc6 Ra8 22. h4 Nb8 23. Qc3 f6 24. Qf3 Na6 25. h5 Bc8 26. g4 Qf7 27. Qh3 Re2 28. Be5 Qd7 29. Bxd6 Qxd6 30. Rde1 Rxe1 31. Rxe1 Bd7 32. Ne7+ Kf7 33. Ng6 Re8 34. Be4 Nb4 35. Qg3 c4 36. Nh4 Qc5+ 37. Kh2 cxb3 38. axb3 Qd4 39. Bf5 Rxe1 40. Qxe1 Qxf4+ 41. Kh3 Bxf5 42. gxf5 Nd3 43. Qe6+ Kf8 44. Qc8+ Ke7 45. Qe6+ Kf8 46. Qc8+ Ke7 47. Qe6+ Kf8 48. d6 Qf1+ 49. Kh2 Qf4+ 50. Kh3 Qf1+ 1/2-1/2

[Event "FIDE WCCC Girls-10 2024"]
[Site "Montesilvano"]
[Date "2024.11.22"]
[Round "7.9"]
[White "Malcheva, Niya"]
[Black "Anistoroaei, Maria"]
[Result "0-1"]
[Annotator "NA RC"]
[ECO "C09"]
[WhiteElo "1620"]
[BlackElo "1715"]
[PlyCount "130"]
[EventDate "2024.11.18"]
[EventType "swiss"]
[EventCountry "ITA"]
[SourceTitle "playchess.com"]
[Source "ChessBase"]
[SourceQuality "1"]
[TimeControl "5400+30"]

1. e4 c5 2. c3 e6 3. d4 d5 4. exd5 exd5 5. Bb5+ Nc6 6. Nf3 Bd6 7. dxc5 Bxc5 8. O-O Nge7 9. Nbd2 O-O 10. Nb3 Bd6 11. Bg5 Bg4 12. Be2 Re8 13. Nfd4 Bxe2 14. Qxe2 Qc7 15. h3 Ng6 16. Qf3 Re5 17. Be3 a6 18. Rad1 Na5 19. Nxa5 Qxa5 20. a3 Rae8 21. Nf5 Bf8 22. Rd2 Qb5 23. Rfd1 Rd8 24. Nd4 Qd7 25. Nc2 Rf5 26. Qe2 a5 27. Bb6 Re8 28. Qg4 Ne5 29. Rxd5 Qe6 30. Qd4 Nc6 31. Qd2 Ne5 32. Qd4 Qg6 33. Kh1 Rg5 34. Ne3 Nc6 35. Rxg5 Qxg5 36. Qd5 Re5 37. Qf3 Rb5 38. Rd5 Ne5 39. Rxb5 Nxf3 40. Rxg5 Nxg5 41. Bxa5 Ne4 42. Kg1 Bc5 43. Bb4 Ba7 44. Kf1 g6 45. Ke2 f5 46. f3 Ng3+ 47. Kd3 Nh5 48. Nd5 Kf7 49. Kc4 Ke6 50. g4 fxg4 51. fxg4 Ng3 52. Nc7+ Kf6 53. Nb5 Bf2 54. Bc5 Ne4 55. Bxf2 Nxf2 56. Nd6 Nxh3 57. Nxb7 h5 58. gxh5 gxh5 59. a4 h4 60. Nc5 Nf2 61. Nd7+ Kf5 62. a5 h3 63. a6 h2 64. a7 h1=Q 65. Nb6 Qc6+ 0-1

[Event "FIDE WCCC Girls-10 2024"]
[Site "Montesilvano"]
[Date "2024.11.22"]
[Round "7.10"]
[White "Shtepa, Liubov"]
[Black "Bhavanya Panchumarthi"]
[Result "1-0"]
[Annotator "NA RC"]
[ECO "B13"]
[WhiteElo "1615"]
[BlackElo "1703"]
[PlyCount "117"]
[EventDate "2024.11.18"]
[EventType "swiss"]
[EventCountry "ITA"]
[SourceTitle "playchess.com"]
[Source "ChessBase"]
[SourceQuality "1"]
[TimeControl "5400+30"]

1. e4 c6 2. d4 d5 3. exd5 cxd5 4. Bd3 Nf6 5. c3 Bg4 6. Qb3 Qc8 7. h3 Bd7 8. Bf4 e6 9. Nf3 Nc6 10. O-O Be7 11. Nbd2 O-O 12. Rfe1 Na5 13. Qc2 b5 14. Ne5 Nc4 15. Nxd7 Qxd7 16. Nf3 h5 17. Qe2 g6 18. Ne5 Qc8 19. Bh6 Rd8 20. Qc2 Nxe5 21. dxe5 Ne4 22. Bxe4 dxe4 23. Qxe4 Kh7 24. Be3 Kg7 25. Rad1 Qc7 26. Bd4 a5 27. a3 Rd5 28. Qe3 Qd7 29. Rd2 Rd8 30. Red1 Bc5 31. Qf4 Kg8 32. Be3 Bxe3 33. Rxd5 Bxf2+ 34. Qxf2 exd5 35. Qb6 Re8 36. Qd6 Qxd6 37. exd6 Kf8 38. Rxd5 Rb8 39. d7 Ke7 40. Kf2 b4 41. cxb4 axb4 42. axb4 Kd8 43. Rd4 Rb5 44. Ke3 Rg5 45. g4 hxg4 46. hxg4 f5 47. gxf5 Rxf5 48. Ke4 Rf2 49. Ke5 Rxb2 50. Kd6 Rb1 51. Kc6 Rc1+ 52. Kb6 Rc7 53. b5 Rxd7 54. Rxd7+ Kxd7 55. Ka7 g5 56. b6 g4 57. b7 g3 58. b8=Q g2 59. Qg8 1-0

[Event "FIDE WCCC Girls-10 2024"]
[Site "Montesilvano"]
[Date "2024.11.22"]
[Round "7.11"]
[White "Wang, Yi Xuan"]
[Black "Norkulova, Malika"]
[Result "1-0"]
[Annotator "NA RC"]
[ECO "D31"]
[WhiteElo "1668"]
[BlackElo "1480"]
[PlyCount "45"]
[EventDate "2024.11.18"]
[EventType "swiss"]
[EventCountry "ITA"]
[SourceTitle "playchess.com"]
[Source "ChessBase"]
[SourceQuality "1"]
[TimeControl "5400+30"]

1. d4 d5 2. c4 e6 3. Nc3 c6 4. e4 dxe4 5. Nxe4 Bb4+ 6. Bd2 Qd7 7. d5 Qxd5 8. Bxb4 Qxe4+ 9. Be2 Qxg2 10. Bf3 Qg5 11. Ne2 Nd7 12. Rg1 Qf6 13. Bc3 e5 14. Ng3 g6 15. Ne4 Qe7 16. Nd6+ Kf8 17. Qd2 c5 18. O-O-O Ndf6 19. Rge1 Be6 20. Bxe5 Rd8 21. Qc3 Kg7 22. Nxb7 Rxd1+ 23. Rxd1 1-0

[Event "FIDE WCCC Girls-10 2024"]
[Site "Montesilvano"]
[Date "2024.11.22"]
[Round "7.12"]
[White "Artemenko, Isabella"]
[Black "Yi, Ruiyu"]
[Result "1/2-1/2"]
[Annotator "NA RC"]
[ECO "B24"]
[WhiteElo "1637"]
[BlackElo "1571"]
[PlyCount "156"]
[EventDate "2024.11.18"]
[EventType "swiss"]
[EventCountry "ITA"]
[SourceTitle "playchess.com"]
[Source "ChessBase"]
[SourceQuality "1"]
[TimeControl "5400+30"]

1. e4 c5 2. Nc3 Nc6 3. g3 e6 4. Bg2 Nf6 5. d3 Be7 6. f4 d5 7. e5 Ng8 8. Nf3 h5 9. h3 Nh6 10. Ne2 Nf5 11. Bd2 b5 12. a3 a5 13. Nh2 Qb6 14. c3 Ba6 15. Qc2 b4 16. Nf1 f6 17. exf6 Bxf6 18. Ne3 c4 19. d4 Nxe3 20. Bxe3 O-O-O 21. axb4 axb4 22. Kf2 b3 23. Qd2 Rhf8 24. Bf3 g6 25. Kg2 Ne7 26. Ra3 Kb7 27. Rha1 Ra8 28. Bf2 Nf5 29. Ng1 Bb5 30. Qc1 Nd6 31. Qe1 Bd7 32. Rxa8 Rxa8 33. Rxa8 Kxa8 34. Qa1+ Qa7 35. Qxa7+ Kxa7 36. Be3 Nb5 37. Ne2 Be7 38. Bc1 Kb7 39. f5 exf5 40. Bxd5+ Bc6 41. Bxc6+ Kxc6 42. Kf3 g5 43. Ng1 Nc7 44. h4 gxh4 45. gxh4 Nd5 46. Kg3 Bd6+ 47. Kf3 Be7 48. Kg3 f4+ 49. Kh3 Ne3 50. Nf3 Kd5 51. Ng5 Bxg5 52. hxg5 Ke4 53. g6 Nf5 54. d5 Kxd5 55. Bxf4 Ke4 56. Bd6 Kd3 57. Ba3 Ke4 58. Bf8 Kd3 59. Ba3 Kc2 60. Kh2 Kd3 61. Kg1 Ke4 62. Bf8 Kf4 63. g7 Nh6 64. Kg2 Kg4 65. Kh2 h4 66. Kg2 h3+ 67. Kh2 Ng8 68. Bd6 Kh4 69. Bf8 Kg4 70. Ba3 Nf6 71. Be7 Ng8 72. Bf8 Nf6 73. Bc5 Ng8 74. Bf8 Kh4 75. Bd6 Nh6 76. Be7+ Kg4 77. Bf8 Ng8 78. Bd6 Nf6 1/2-1/2

[Event "FIDE WCCC Girls-10 2024"]
[Site "Montesilvano"]
[Date "2024.11.22"]
[Round "7.13"]
[White "Pham, Nhu Y"]
[Black "Jaksa, Ema"]
[Result "1-0"]
[Annotator "NA RC"]
[ECO "D27"]
[WhiteElo "1914"]
[BlackElo "1635"]
[PlyCount "133"]
[EventDate "2024.11.18"]
[EventType "swiss"]
[EventCountry "ITA"]
[SourceTitle "playchess.com"]
[Source "ChessBase"]
[SourceQuality "1"]
[TimeControl "5400+30"]

1. d4 d5 2. Nf3 Nf6 3. c4 dxc4 4. e3 e6 5. Bxc4 c5 6. O-O a6 7. a4 cxd4 8. Nxd4 Bd6 9. h3 O-O 10. Nc3 b6 $11 11. Qe2 Qe7 12. e4 e5 13. Nf5 Bxf5 14. exf5 e4 15. g3 Bc5 16. Bf4 Nc6 17. Nd5 Nxd5 18. Bxd5 Nd4 19. Qxe4 Rae8 20. Qxe7 Rxe7 21. Bc4 a5 22. f6 gxf6 23. Kg2 Rfe8 24. Rad1 Kg7 25. Be3 Ne6 26. Bxc5 Nxc5 27. Bb5 Rc8 28. Rd6 Rb8 29. Rfd1 Re4 30. R1d4 Re1 31. Rg4+ Kf8 32. Rxf6 Ne6 33. Rh6 Ke7 34. Bc4 Rb1 35. Bxe6 fxe6 36. Rxh7+ Kd6 37. Rd4+ Ke5 38. Rd2 Rc8 39. Rh5+ Ke4 40. Rb5 Rcc1 41. h4 Rh1 42. Re2+ Kd3 43. Rxe6 Rbg1+ 44. Kf3 Rf1 45. Rd6+ Kc4 46. Rd2 Re1 47. Rxb6 Re8 48. Re2 Rf8+ 49. Kg2 Rd1 50. h5 Rd7 51. g4 Rf4 52. f3 Rd3 53. Rf2 Rd7 54. h6 Kd3 55. Kg3 Rf8 56. g5 Rd5 57. Rb5 Rd6 58. Rxa5 Ke3 59. Re5+ Kd3 60. h7 Rh8 61. Re7 Rg6 62. f4 Kd4 63. Kg4 Kd5 64. f5 Rb6 65. g6 Rb4+ 66. Kg5 Rb3 67. Rg2 1-0

[Event "FIDE WCCC Girls-10 2024"]
[Site "Montesilvano"]
[Date "2024.11.22"]
[Round "7.14"]
[White "Bayramova, Aya"]
[Black "Isakhanyan, Nare"]
[Result "0-1"]
[Annotator "NA RC"]
[ECO "D19"]
[WhiteElo "1634"]
[BlackElo "1540"]
[PlyCount "130"]
[EventDate "2024.11.18"]
[EventType "swiss"]
[EventCountry "ITA"]
[SourceTitle "playchess.com"]
[Source "ChessBase"]
[SourceQuality "1"]
[TimeControl "5400+30"]

1. d4 d5 2. c4 c6 3. Nc3 Nf6 4. Nf3 dxc4 5. a4 Bf5 6. e3 e6 7. Bxc4 Bb4 8. Qe2 Nbd7 9. O-O O-O 10. e4 Bg6 11. e5 Nd5 12. Ne4 Be7 13. Rd1 h6 14. Bd3 Bh7 15. Nc3 Bxd3 16. Qxd3 Rc8 17. Be3 Nb4 18. Qe2 Nb6 19. Ne4 N6d5 20. Rac1 Qb6 21. Nc5 Bxc5 22. dxc5 Qa5 23. b3 Nxe3 24. Qxe3 Nd5 25. Qe1 Qxe1+ 26. Nxe1 Rfd8 27. Rc4 a5 28. Rcd4 Kf8 29. Nf3 Ke7 30. R1d2 Nb4 31. Rd6 Na6 32. Rc2 f6 33. Kf1 fxe5 34. Nxe5 Rxd6 35. cxd6+ Kxd6 36. Nc4+ Kc7 37. Nxa5 Rd8 38. Ke2 Nb4 39. Rc3 Nd5 40. Rf3 b5 41. axb5 cxb5 42. Rf7+ Rd7 43. Rxd7+ Kxd7 44. Nb7 Nf4+ 45. Kf3 Nd3 46. Ke3 Nc1 47. b4 Na2 48. Nc5+ Kd6 49. Nd3 Kd5 50. Nf4+ Kc4 51. Nxe6 Nxb4 52. Nd4 Nd5+ 53. Ke4 Nf6+ 54. Ke5 Ng4+ 55. Ke4 Nxf2+ 56. Ke3 Ng4+ 57. Ke4 Nxh2 58. Nxb5 Kxb5 59. Kf5 g5 60. Kg6 g4 61. g3 Kc4 62. Kxh6 Kd4 63. Kh5 Ke4 64. Kg5 Kf3 65. Kh4 Nf1 0-1

[Event "FIDE WCCC Girls-10 2024"]
[Site "Montesilvano"]
[Date "2024.11.22"]
[Round "7.15"]
[White "Bjerregaard Hagen, Frida"]
[Black "Rekhviashvili, Mariam"]
[Result "0-1"]
[Annotator "NA RC"]
[ECO "C01"]
[WhiteElo "1815"]
[BlackElo "1610"]
[PlyCount "114"]
[EventDate "2024.11.18"]
[EventType "swiss"]
[EventCountry "ITA"]
[SourceTitle "playchess.com"]
[Source "ChessBase"]
[SourceQuality "1"]
[TimeControl "5400+30"]

1. e4 e6 2. d4 d5 3. exd5 exd5 4. Nf3 Nf6 5. Bd3 Be7 6. O-O O-O 7. Bg5 Bg4 8. Re1 Re8 9. Nbd2 Nbd7 10. c3 h6 11. Bf4 Nh5 12. Bg3 Nxg3 13. hxg3 c5 14. dxc5 Nxc5 15. Bb5 Bd7 16. Bxd7 Qxd7 17. Nb3 Rad8 18. Nbd4 Bd6 19. Qc2 g6 20. Rad1 Rxe1+ 21. Rxe1 Re8 22. Rxe8+ Qxe8 23. Qd2 Kh7 24. Kf1 a6 25. Qe2 Qxe2+ 26. Kxe2 Na4 27. Kd3 Nxb2+ 28. Kc2 Nc4 29. Nb3 Kg7 30. Kd3 Kf6 31. Kd4 Ke6 32. Nc5+ Bxc5+ 33. Kxc5 Nb2 34. Kd4 Nd1 35. Nd2 Nxf2 36. Nb3 b6 37. Ke3 Ne4 38. Nd4+ Kd6 39. Kd3 Nxg3 40. a4 Nh5 41. Nb3 Nf4+ 42. Ke3 Nxg2+ 43. Kf3 Nh4+ 44. Kg4 Nf5 45. Kf4 h5 46. Kg5 Ne3 47. Nd2 Nc4 48. Nxc4+ dxc4 49. Kf4 Kc5 50. Kg5 b5 51. axb5 axb5 52. Kf6 b4 53. cxb4+ Kxb4 54. Kxf7 c3 55. Kg8 c2 56. Kh7 c1=Q 57. Kh8 Qc7 0-1